Construct Infanterie Kompanie
Selects Luftwaffe Battlegroup
Selects Luftwaffe Pioneer Support
Fallschirmpioneer Squad Paradrop
Fallschirmpioneer Squad Paradrop
Selects Stuka Strafing Run
Infanterie Officer Quarters
Construct Panzergrenadier Kompanie
Pak 40 Anti-tank Gun Team
Selects Fallschirmjäger Squad Paradrop
Fallschirmjäger Squad Paradrop
Fallschirmjäger Squad Paradrop
Construct Panzer Kompanie
Selects LG40 Recoilless Gun Paradrop
Selects Flak 38 Anti-Air Emplacement
Panzergrenadier Officer Quarters
Fallschirmjäger Squad Paradrop
Selects Infantry Reserves
Nebelwerfer 42 Rocket Launcher Team
Construct Luftwaffe Kompanie
Luftwaffe Officer Quarters